 Dungeon Crawl Stone Soup version 0.30.0-29-ga12c61a403 (webtiles) character file.

Game seed: 9081520453304381129

16402 jurchenman the Thaumaturge (level 12, -26/59 HPs)
             Began as a Deep Elf Conjurer on June 22, 2023.
             Was an Elder of Vehumet.
             Shot with an arrow by a centaur warrior (31 damage)
             ... on level 8 of the Dungeon.
             The game lasted 00:59:29 (10764 turns).

jurchenman the Thaumaturge (Deep Elf Conjurer)     Turns: 10764, Time: 00:59:30

Health: -26/59     AC:  4    Str:  4    XL:     12   Next: 9%
Magic:  24/30      EV: 15    Int: 29    God:    Vehumet [****..]
Gold:   418        SH:  0    Dex: 13    Spells: 12/36 levels left

rFire   . . .        l - staff of conjuration
rCold   . . .        (no shield)
rNeg    . . .        u - +0 robe "Donemuq" {rElec rCorr Stlth+}
rPois   .            (no helmet)
rElec   +            j - +0 cloak
rCorr   +            (no gloves)
SInv    .            g - +0 pair of boots
Will    +....        C - amulet of magic regeneration
Stlth   +++++        h - ring of wizardry
HPRegen 0.29/turn    p - ring of flight
MPRegen 0.62/turn

%: wizardry (x1)
@: flying, studying Stealth
A: no striking features
a: Renounce Religion


You were on level 8 of the Dungeon.
You worshipped Vehumet.
Vehumet was greatly pleased with you.
You visited 2 branches of the dungeon, and saw 11 of its levels.
You also visited: Bailey.

You collected 418 gold pieces.

Inventory:

Hand Weapons
 c - a +2 heavy dagger
 o - the +6 flail "Sirem" {flame, *Rage rC- rN+++ SInv}
   (You found it on level 4 of the Dungeon)

   rC:        It makes you vulnerable to cold.
   rN:        It renders you almost immune to negative energy.
   SInv:      It lets you see invisible.
   *Rage:     It berserks you when you make melee attacks (+20% chance).
Armour
 a - a +0 robe
 g - a +0 pair of boots (worn)
 j - a +0 cloak (worn)
 u - the +0 robe "Donemuq" (worn) {rElec rCorr Stlth+}
   (You found it on level 4 of the Dungeon)

   rElec:     It insulates you from electricity.
   rCorr:     It protects you from acid and corrosion.
   Stlth:     It makes you more stealthy.
Magical Staves
 i - a staff of air
 l - a staff of conjuration (weapon)
 x - a staff of poison
Jewellery
 h - a ring of wizardry (left hand)
 m - a ring of positive energy
 p - a ring of flight (right hand)
 w - a ring of ice
 C - an amulet of magic regeneration (around neck)
Wands
 f - a wand of light (32)
 z - a wand of flame (7)
Scrolls
 e - 2 scrolls of fog
 r - 3 scrolls of amnesia
 y - 5 scrolls of teleportation
 A - 2 scrolls of blinking
 B - a scroll of enchant armour {unknown}
 E - 2 scrolls of butterflies {unknown}
Potions
 b - 6 potions of magic
 d - 5 potions of curing
 k - 3 potions of cancellation
 n - a potion of flight
 q - 3 potions of resistance
 s - a potion of haste
 t - 2 potions of berserk rage {unknown}
 v - a potion of heal wounds {unknown}
 D - a potion of might {unknown}


   Skills:
 + Level 7.8 Dodging
 + Level 8.6 Stealth
 + Level 12.9 Spellcasting
 + Level 11.5 Conjurations
 - Level 5.0 Hexes
 - Level 7.6 Translocations
 + Level 9.6 Fire Magic
 - Level 3.3 Evocations


You had 12 spell levels left.
You knew the following spells:

 Your Spells              Type           Power      Damage    Failure   Level
a - Magic Dart            Conj           100%       1d8       1%          1
b - Searing Ray           Conj           100%       2d8       1%          2
c - Fulminant Prism       Conj/Hex       39%        3d17      1%          4
d - Scorch                Fire           100%       2d9       1%          2
e - Iskenderun's Mystic   Conj/Tloc      84%        2d17      1%          4
f - Flame Wave            Conj/Fire      88%        2d19      1%          4
g - Foxfire               Conj/Fire      100%       2x1d9     1%          1
h - Blink                 Tloc           100%       N/A       1%          2
i - Sticky Flame          Conj/Fire      88%        2d10      1%          4

Your spell library contained the following spells:

 Spells                   Type           Power      Damage    Failure   Level
 Freezing Cloud           Conj/Ice/Air   28%        6-21      1%          5
 Sting                    Tmut/Pois      72%        1d6       1%          1
 Ensorcelled Hibernation  Hex/Ice        66%        N/A       1%          2
 Lesser Beckoning         Tloc           100%       N/A       1%          2
 Momentum Strike          Conj/Tloc      100%       3d10      1%          2
 Passwall                 Tmut/Erth      15%        N/A       1%          2
 Poisonous Vapours        Pois/Air       36%        N/A       1%          2
 Sublimation of Blood     Necr           18%        N/A       1%          2
 Dazzling Flash           Conj/Hex       100%       N/A       1%          3
 Irradiate                Conj/Tmut      33%        3d22      1%          5
 Swiftness                Air            18%        N/A       3%          3
 Olgreb's Toxic Radiance  Pois           18%        N/A       3%          4
 Petrify                  Tmut/Erth      18%        N/A       12%         4
 Summon Cactus Giant      Summ           9%         N/A       83%         6


Dungeon Overview and Level Annotations

Branches:
Dungeon (10/15)            Temple (1/1) D:4            Lair (0/5) D:9
 Bailey (visited)
    Orc: D:9-12

Altars:
Ashenzari
Cheibriados
Dithmenos
Elyvilon
Fedhas
Gozag
Hepliaklqana
Kikubaaqudgha
Makhleb
Nemelex Xobeh
Okawaru
Qazlal
Ru
Sif Muna
Trog
Uskayaw
Vehumet
Wu Jian
Xom
Yredelemnul
Zin
The Shining One

Shops:
D:7 (

Annotations:
D:4 3 runed translucent doors, bmack86's ghost, amateur MiFi
D:7 1 runed translucent door
D:9 1 runed translucent door


Message History

Okay, then.
Okay, then.
Casting: Iskenderun's Mystic Blast (safe; 1% risk of failure)
Confirm with . or Enter, or press ? or * to list all spells.
You feel a surge of power!
You erupt in a blast of force!
The mystic blast hits the gnoll!
The gnoll is almost dead.
The gnoll is knocked back by the mystic blast.
The gnoll slams into the rock wall!
You kill the gnoll!
Vehumet accepts your kill.
You feel your power returning.
The mystic blast hits the centaur warrior!
The centaur warrior is severely wounded.
The centaur warrior is knocked back by the mystic blast.
The centaur warrior slams into the rock wall!
The centaur warrior is almost dead.
Casting: Iskenderun's Mystic Blast (safe; 1% risk of failure)
Confirm with . or Enter, or press ? or * to list all spells.
Flames lash the centaur warrior.
The centaur warrior is almost dead.
The centaur warrior's fire resistance burns away.
The centaur warrior shoots an arrow.
The arrow hits you.
* * * LOW HITPOINT WARNING * * *
A basilisk comes into view.
The centaur warrior shoots an arrow.
The arrow closely misses you.
Casting: Scorch (safe; 1% risk of failure)
Confirm with . or Enter, or press ? or * to list all spells.
Flames lash the basilisk.
The basilisk is heavily wounded.
The basilisk's fire resistance burns away.
The centaur warrior shoots an arrow.
The arrow hits you!
* * * LOW HITPOINT WARNING * * *
A two-headed ogre comes into view.
It is wielding a +0 giant spiked club and a +0 giant club.
Blink to where?
Press: ? - help, Dir - move target
As you read the scroll of blinking, it crumbles to dust.
The centaur warrior shoots an arrow.
The arrow hits you!!
Ouch! That really hurt!
You die...

##.......##.. ##.#...#####.
#..##### #.
#####################...## ##
#........c'........8#....# #
#.c..ยง....#.........#....##
#
#........[#.........#.....##
#
#.l.......#8........#......##
#O##############@#########..#
#.. #....#...>#..## #..O
#....#....#...## #....
#....#....#....## #.....
#....'....#.....# #......
###########.....## #.......
#......# # #....... #
##......


You could see a centaur warrior.

Vanquished Creatures
  2 vault guards (Bailey)
  2 two-headed ogres (D:9)
  An ogre mage (D:8)
  Pikel (D:4)
  5 gargoyles (D:9)
  Maggie (D:8)
  A komodo dragon (D:9)
  2 kobold demonologists (D:9)
  Prince Ribbit (D:6)
  A blink frog (Bailey)
  A slime creature (D:8)
  A wyvern (D:9)
  6 humans (Bailey)
  23 yaks
  A steam dragon (D:6)
  Edmund (D:4)
  Menkaure (D:6)
  2 acid dragons (D:8)
  3 water moccasins
  Duvessa (D:7)
  5 black bears
  2 orc warriors
  A sky beast (D:6)
  3 ice beasts
  2 ogres
  A centaur (D:4)
  2 lemures (D:4)
  2 phantoms
  14 bullfrogs
  2 gnoll sergeants
  3 scorpions
  7 wights
  Dowan (D:7)
  5 killer bees
  4 howler monkeys
  3 hounds
  4 jellies
  7 orc priests
  A gnoll bouda (D:7)
  2 sleepcaps
  4 iguanas
  Natasha (thrice) (D:2)
  Terence (D:3)
  9 orc wizards
  5 adders
  14 gnolls
  A white imp (D:6)
  2 ufetubi
  2 dart slugs
  31 orcs
  5 endoplasms
  3 giant cockroaches (D:2)
  14 goblins
  8 hobgoblins
  4 quokkas
  5 ball pythons
  4 bats
  7 frilled lizards
  6 kobolds
  4 rats
260 creatures vanquished.

Vanquished Creatures (others)
  20 foxfires
  59 fulminant prisms
79 creatures vanquished.

Grand Total: 339 creatures vanquished

Notes
Turn   | Place    | Note
-------+----------+-------------------------------------------
     0 | D:1      | jurchenman the Deep Elf Conjurer began the quest for the
                  | Orb.
     0 | D:1      | Reached XP level 1. HP: 10/10 MP: 6/6
   228 | D:1      | Reached XP level 2. HP: 15/15 MP: 5/8
   231 | D:1      | Learned a level 2 spell: Searing Ray
   255 | D:1      | Found a broken altar of Ashenzari.
   710 | D:2      | Noticed Natasha
   715 | D:2      | Killed Natasha
   716 | D:2      | Reached skill level 4 in Spellcasting
   716 | D:2      | Reached skill level 5 in Conjurations
   716 | D:2      | Reached XP level 3. HP: 18/19 MP: 4/10
   983 | D:2      | Noticed Natasha
   988 | D:2      | Killed Natasha
   989 | D:2      | Reached skill level 1 in Evocations
   989 | D:2      | Reached XP level 4. HP: 19/24 MP: 5/12
  1047 | D:2      | Noticed Natasha
  1137 | D:2      | Killed Natasha
  1486 | D:2      | Found a faded altar of an unknown god.
  1583 | D:2      | Learned a level 4 spell: Fulminant Prism
  1762 | D:3      | Found a broken altar of Ashenzari.
  1765 | D:3      | Noticed Terence
  1860 | D:3      | Noticed a scorpion
  1871 | D:3      | Killed a scorpion
  1872 | D:3      | Reached skill level 5 in Spellcasting
  1872 | D:3      | Reached skill level 1 in Hexes
  1872 | D:3      | Reached XP level 5. HP: 28/28 MP: 6/14
  2017 | D:3      | Killed Terence
  2552 | D:3      | Identified a scroll of acquirement
  2552 | D:3      | Acquired a staff of conjuration
  2615 | D:4      | Reached XP level 6. HP: 32/32 MP: 9/16
  2686 | D:4      | Learned a level 2 spell: Scorch
  2751 | D:4      | Identified the +6 flail "Sirem" {flame, *Rage rC- rN+++
                  | SInv}
  2801 | D:4      | Reached skill level 6 in Spellcasting
  2984 | D:4      | Noticed Pikel
  2996 | D:4      | Killed Pikel
  2997 | D:4      | Reached skill level 7 in Spellcasting
  2997 | D:4      | Reached XP level 7. HP: 4/36 MP: 5/19
  3330 | D:4      | Reached skill level 5 in Hexes
  3330 | D:4      | Reached XP level 8. HP: 41/41 MP: 17/20
  3352 | D:4      | Learned a level 4 spell: Iskenderun's Mystic Blast
  3354 | D:4      | Found a runed translucent gate.
  3354 | D:4      | Noticed bmack86's ghost (amateur MiFi)
  3355 | D:4      | Found a runed translucent gate.
  3356 | D:4      | Found a runed translucent gate.
  3361 | D:4      | Noticed Edmund
  3369 | D:4      | Killed Edmund
  3370 | D:4      | Reached skill level 1 in Translocations
  3448 | D:4      | Identified the +1 ring mail of Resourcefulness {rElec}
  3546 | D:4      | Identified the +0 robe "Donemuq" {rElec rCorr Stlth+}
  3769 | D:4      | Found a staircase to the Ecumenical Temple.
  3773 | Temple   | Entered the Ecumenical Temple
  3822 | Temple   | Became a worshipper of Vehumet
  4024 | D:5      | Entered Level 5 of the Dungeon
  4386 | D:5      | Reached skill level 8 in Spellcasting
  4633 | D:5      | Reached XP level 9. HP: 43/45 MP: 7/23
  4769 | D:5      | Found a glowing silver altar of Zin.
  4890 | D:5      | Found an ancient bone altar of Kikubaaqudgha.
  5285 | D:5      | Learned a level 4 spell: Flame Wave
  5286 | D:6      | Noticed Menkaure
  5288 | D:6      | Noticed Prince Ribbit
  5289 | D:6      | Killed Menkaure
  5294 | D:6      | Killed Prince Ribbit
  5295 | D:6      | Reached skill level 9 in Spellcasting
  5295 | D:6      | Reached skill level 5 in Fire Magic
  5620 | D:6      | Reached * piety under Vehumet
  5620 | D:6      | Offered knowledge of Kiss of Death by Vehumet.
  5847 | D:6      | Reached skill level 5 in Translocations
  6202 | D:6      | Reached skill level 10 in Spellcasting
  6614 | D:7      | Reached XP level 10. HP: 45/50 MP: 18/26
  6814 | D:7      | Offered knowledge of Foxfire by Vehumet.
  6818 | D:7      | Learned a level 1 spell: Foxfire
  6828 | D:7      | Reached ** piety under Vehumet
  6926 | D:7      | Found a runed translucent door.
  6929 | D:7      | Found a basalt altar of Yredelemnul.
  7271 | D:7      | Found an ornate altar of the Wu Jian Council.
  7349 | D:7      | Noticed Duvessa
  7349 | D:7      | Noticed Dowan
  7357 | D:7      | Killed Duvessa
  7362 | D:7      | Killed Dowan
  7491 | D:7      | Learned a level 2 spell: Blink
  7534 | D:7      | Found a sparkling altar of Nemelex Xobeh.
  7641 | D:7      | Found Gekon's Antique Weapon Emporium.
  7962 | D:8      | Offered knowledge of Static Discharge by Vehumet.
  8295 | D:8      | Noticed Maggie
  8305 | D:8      | Killed Maggie
  8458 | D:8      | Reached *** piety under Vehumet
  8459 | D:8      | Reached skill level 11 in Spellcasting
  8461 | D:8      | Reached skill level 10 in Conjurations
  9163 | D:9      | Noticed a soul eater
  9163 | D:9      | Noticed a gargoyle
  9164 | D:9      | Noticed a gargoyle
  9165 | D:9      | Noticed a gargoyle
  9168 | D:9      | Reached skill level 5 in Dodging
  9336 | D:9      | Killed a gargoyle
  9336 | D:9      | Killed a gargoyle
  9337 | D:9      | Reached XP level 11. HP: 54/54 MP: 19/28
  9342 | D:9      | Offered knowledge of Sticky Flame by Vehumet.
  9378 | D:8      | Learned a level 4 spell: Sticky Flame
  9405 | D:9      | Found a flagged portal.
  9408 | D:9      | Noticed a two-headed ogre
  9416 | D:9      | Killed a two-headed ogre
  9435 | Bailey   | Entered a bailey
  9529 | Bailey   | Reached **** piety under Vehumet
  9530 | Bailey   | Reached skill level 12 in Spellcasting
  9541 | Bailey   | Offered knowledge of Freezing Cloud by Vehumet.
  9545 | Bailey   | Reached skill level 5 in Stealth
  9566 | Bailey   | Noticed a vault guard
  9572 | Bailey   | Killed a vault guard
  9608 | Bailey   | Noticed a vault guard
  9618 | Bailey   | Killed a vault guard
 10077 | D:9      | Found a staircase to the Lair.
 10154 | D:9      | Noticed a two-headed ogre
 10163 | D:9      | Killed a two-headed ogre
 10586 | D:9      | Found a runed translucent door.
 10655 | D:10     | Entered Level 10 of the Dungeon
 10700 | D:8      | Reached XP level 12. HP: 59/59 MP: 26/30
 10746 | D:8      | Noticed an ogre mage
 10752 | D:8      | Killed an ogre mage
 10752 | D:8      | Noticed a centaur warrior
 10759 | D:8      | Noticed a two-headed ogre
 10764 | D:8      | Shot with an arrow by a centaur warrior

Illustrated notes

Levels and vault maps discovered:
D:1:      minmay_arrival_shattered_statue, layout_rooms, minmay_hexomino_r4
D:2:      layout_rooms, serial_forest, infiniplex_forest_3_way,
          infiniplex_forest_zigzag_1, infiniplex_forest_lined_room_2,
          infiniplex_forest_pool, infiniplex_forest_lined_room_2,
          infiniplex_forest_straight_2, infiniplex_forest_straight_2,
          infiniplex_forest_lined_1, ebering_ecumenical_altar_hall, uniq_natasha
D:3:      layout_rooms, cheibrodos_ashenzari_chains,
          minmay_misc_feat_nine_boxes, nicolae_underground_beach, uniq_terence
D:4:      layout_rooms, temple_hall_moat, biasface_ghost_orc_armoury,
          due_unseen_surprise, uniq_edmund, uniq_pikel
D:5:      layout_basic, mainiacjoe_overflow_six_doors_small, zin_statuary,
          minmay_manual_monstrance
D:6:      layout_cave_pools, uniq_menkaure, uniq_prince_ribbit1
D:7:      layout_loops_corners, nemelex_diamond_rough_becter,
          pdpol_wu_jian_five_deadly_venoms, dk_yredelemnul_ordeal, serial_shops,
          nicolae_shop_real_fake_doors, chequers_serial_rivers_micro_e,
          uniq_duvessa
D:8:      minmay_klotski, layout_cave_pods, uniq_maggie
D:9:      cheibrodos_statue_roulette, layout_irregular_city,
          due_lair_maze_entry_diamond, enter_bailey_5,
          chequers_serial_rivers_micro_b, lightli_church_of_beogh
D:10:     layout_loops_ring
Temple:   nicolae_temple_bog_church

Skill      XL: |  1  2  3  4  5  6  7  8  9 10 11 |
---------------+----------------------------------+-----
Spellcasting   | 4 5 7 8 10 11 12 | 12.9
Conjurations   | 5 6 7 8 9 10 11 | 11.5
Evocations     | 1 2 3 |  3.3
Hexes          | 1 2 4 5 |  5.0
Fire Magic     | 2 4 6 8 9 |  9.6
Translocations | 3 5 7 |  7.6
Dodging        | 5 7 |  7.8
Stealth        | 8 |  8.6

Action                     |  1- 3 |  4- 6 |  7- 9 | 10-12 || total
---------------------------+-------+-------+-------+-------++-------
  Melee: Hand axe          |     3 |       |       |       ||     3
         Dagger            |       |     2 |       |       ||     2
         Staff             |       |       |       |     1 ||     1
   Cast: Magic Dart        |    51 |    68 |    57 |    90 ||   266
         Searing Ray       |       |    12 |    18 |    21 ||    51
         Scorch            |       |       |    49 |    54 ||   103
         Fulminant Prism   |       |       |    11 |    48 ||    59
         Iskenderun's Myst |       |       |     5 |    21 ||    26
         Foxfire           |       |       |       |    11 ||    11
         Flame Wave        |       |       |       |     5 ||     5
         Sticky Flame      |       |       |       |     2 ||     2
    Use: Scroll            |     4 |     3 |    11 |     3 ||    21
   Stab: Sleeping          |     1 |     1 |       |       ||     2
 Armour: Robe              |     2 |     5 |     2 |     8 ||    17
  Dodge: Dodged            |     5 |     5 |    19 |    34 ||    63
